 Dungeon Crawl Stone Soup version 0.22-a0-570-g58866f5 (webtiles) character file.

770 royokou the Chopper (level 7, -4/62 HPs)
             Began as a Minotaur Monk on June 30, 2018.
             Was a Believer of Okawaru.
             Succumbed to CowFu's ghost's poison
             ... on level 4 of the Dungeon.
             The game lasted 00:22:39 (5313 turns).

royokou the Chopper (Minotaur Monk)                 Turns: 5313, Time: 00:22:39

Health: -4/62      AC: 13    Str: 18    XL:     7   Next: 53%
Magic:  6/6        EV: 11    Int:  7    God:    Okawaru [**....]
Gold:   195        SH:  0    Dex: 12    Spells: 6/6 levels left

rFire    . . .     SeeInvis .   t - +4 scythe (freeze)
rCold    . . .     Gourm    .   (shield currently unavailable)
rNeg     . . .     Faith    .   h - +0 chain mail
rPois    .         Spirit   .   (helmet restricted)
rElec    .         Reflect  .   k - +0 cloak
rCorr    .         Harm     .   i - +0 pair of gloves
MR       +....                  (no boots)
Stlth    ..........             d - amulet of rage
HPRegen  0.20/turn              (no ring)
MPRegen  0.10/turn              (no ring)

@: lethally poisoned (-4 -> -42), berserk cooldown, slowed, very slow
A: retaliatory headbutt, horns 2, repulsion field 1, molten scales 1, magic
resistance 1
a: Heroism, Renounce Religion, Evoke Berserk Rage


You were on level 4 of the Dungeon.
You worshipped Okawaru.
Okawaru was pleased with you.
You were hungry.

You visited 1 branch of the dungeon, and saw 4 of its levels.

You collected 195 gold pieces.

Inventory:

Hand Weapons
 a - a +0 hand axe
 j - a +2 mace of crushing
 t - a +4 scythe of freezing (weapon)
Armour
 f - a +0 large shield
 h - a +0 chain mail (worn)
 i - a +0 pair of gloves (worn)
 k - a +0 cloak (worn)
Jewellery
 d - an amulet of rage (around neck)
 r - a +3 amulet of reflection
 w - an uncursed ring of positive energy {unknown}
Wands
 n - a wand of flame (25)
Scrolls
 e - 2 scrolls of teleportation
 o - a scroll of identify
 p - 2 scrolls of fear {unknown}
 q - a scroll of remove curse {unknown}
 s - a scroll of blinking
 v - 2 scrolls of immolation {unknown}
Potions
 b - 2 potions of degeneration
 g - a potion of curing
 l - 2 potions of heal wounds
 m - 2 potions of flight
 u - a potion of berserk rage {unknown}
 x - a potion of invisibility {unknown}
Comestibles
 c - 8 rations


   Skills:
 + Level 5.8 Fighting
 + Level 5.9 Axes
 + Level 4.0 Armour
 + Level 5.3 Dodging
 - Level 1.6 Stealth
 + Level 4.0 Shields


You had 6 spell levels left.
You didn't know any spells.
Your spell library was empty.

Dungeon Overview and Level Annotations

Branches:
Dungeon (4/15)
 Temple: D:4-7

Altars:
Ashenzari
Fedhas
Okawaru
Uskayaw

Annotations:
D:4 CowFu's ghost, novice DrFE


Innate Abilities, Weirdness & Mutations

You reflexively headbutt those who attack you in melee.
You have a pair of horns on your head.
You are surrounded by a mild repulsion field. (EV +2)
You are partially covered in molten scales. (AC +2)
You are resistant to hostile enchantments. (MR+)


Message History

CowFu's ghost is severely damaged.
You feel very sick.
CowFu's ghost hits you but does no damage.
You are lethally poisoned!
CowFu's ghost hits you but does no damage.
You are more poisoned.
Okay, then.
As you read the scroll of teleportation, it crumbles to dust.
You feel strangely unstable.
* * * LOW HITPOINT WARNING * * *
You feel very sick.
CowFu's ghost hits you but does no damage.
You are more poisoned.
CowFu's ghost points at you and mumbles some strange words.
The puff of flame hits you!
* * * LOW HITPOINT WARNING * * *
* * * LOW HITPOINT WARNING * * *
You feel very sick.
Your surroundings suddenly seem different.
You die...

#.# # #.# # #### #.# ...# #.#
...# #.# ...########## #.#
...'........ #.#########
...######.###########.........###
...'............@...#..######....
<..######.#######......# #.###
..........## #.#.##.# #.#
#..........# #.#.##.# #.#
#.........(# #.#.##.# #.#
#..........# #.#.##.# #.#
#).........# #.#.##.# #.#
.)).##.....# #.#.##.# #.#
###........# #.#.##.# #.#


There were no monsters in sight!

Vanquished Creatures
  Sigmund (D:3)
  A black bear (D:4)
  An ogre (D:4)
  A bullfrog (D:3)
  2 hounds (D:4)
  3 orc priests
  Ijyb (D:3)
  An orc wizard (D:4)
  A worker ant (D:4)
  A hound skeleton (D:4)
  4 gnolls (D:4)
  3 adders (D:2)
  An ooze (D:1)
  An adder skeleton (D:4)
  3 worms
  2 dart slugs (D:1)
  3 leopard geckos
  5 orcs
  2 giant cockroaches
  5 hobgoblins
  2 quokkas (D:2)
  A ball python (D:3)
  9 bats
  5 frilled lizards
  4 goblins (D:2)
  7 kobolds
  6 rats
76 creatures vanquished.

Vanquished Creatures (others)
  4 toadstools (D:1)
4 creatures vanquished.

Grand Total: 80 creatures vanquished

Notes
Turn   | Place    | Note
-------+----------+-------------------------------------------
     0 | D:1      | royokou the Minotaur Monk began the quest for the Orb.
     0 | D:1      | Reached XP level 1. HP: 19/19 MP: 0/0
    81 | D:1      | Reached XP level 2. HP: 18/27 MP: 1/1
  1082 | D:1      | You fall through a shaft!
  1157 | D:2      | Reached XP level 3. HP: 33/33 MP: 2/2
  1531 | D:2      | Reached skill level 1 in Armour
  1531 | D:2      | Reached skill level 1 in Shields
  1871 | D:2      | Reached XP level 4. HP: 26/41 MP: 3/3
  2546 | D:3      | Noticed Sigmund
  2951 | D:3      | Noticed a bullfrog
  3501 | D:3      | Found a shattered altar of Ashenzari.
  3501 | D:3      | Found a hide-covered altar of Uskayaw.
  3503 | D:3      | Found a blossoming altar of Fedhas.
  3525 | D:3      | Killed a bullfrog
  3525 | D:3      | Reached XP level 5. HP: 13/47 MP: 4/4
  3894 | D:3      | Noticed Ijyb
  3905 | D:3      | Paralysed by Ijyb for 5 turns
  3912 | D:3      | Paralysed by Ijyb for 3 turns
  3918 | D:3      | Paralysed by Ijyb for 4 turns
  3929 | D:3      | Killed Ijyb
  4007 | D:3      | Killed Sigmund
  4007 | D:3      | Reached skill level 5 in Fighting
  4007 | D:3      | Reached skill level 5 in Axes
  4007 | D:3      | Reached XP level 6. HP: 29/56 MP: 5/5
  4220 | D:3      | Found an iron altar of Okawaru.
  4231 | D:3      | Became a worshipper of Warmaster Okawaru
  4231 | D:3      | Reached * piety under Okawaru
  4231 | D:3      | Reached ** piety under Okawaru
  4345 | D:3      | Gained mutation: You are resistant to hostile enchantments. (MR+) [potion of mutation]
  4345 | D:3      | Gained mutation: You are surrounded by a mild repulsion field. (EV +2) [potion of mutation]
  4345 | D:3      | Gained mutation: You are partially covered in molten scales. (AC +2) [potion of mutation]
  4671 | D:4      | Reached XP level 7. HP: 39/61 MP: 6/6
  4680 | D:4      | Reached skill level 5 in Dodging
  5247 | D:4      | Found a runed door.
  5250 | D:4      | Noticed CowFu's ghost (novice DrFE)
  5312 | D:4      | HP: 1/62 [poisoned by CowFu's ghost]
  5313 | D:4      | Succumbed to CowFu's ghost's poison

Vault maps used:
D:1:      ldierk_walled_garden_2
D:3:      grunt_temple_overflow_open, first_ration, okawaru_trees_1,
          uniq_sigmund, uniq_ijyb
D:4:      black_bear_nest_2, hellmonk_ghost_happy_afterlife

Skill      XL: |  1  2  3  4  5  6  7 |
---------------+----------------------+-----
Axes           | 4 5 |  5.9
Fighting       | 4 5 |  5.8
Armour         | 1 2 3 4 |  4.0
Shields        | 1 2 3 4 |  4.0
Dodging        | 4 5 |  5.3
Stealth        | |  1.6

Action                   |  1- 3 |  4- 6 |  7- 9 || total
-------------------------+-------+-------+-------++-------
Melee: Hand axe          |   110 |   132 |    39 ||   281
       Headbutt          |    13 |    20 |    12 ||    45
       Scythe            |       |       |    12 ||    12
 Abil: Evoke Berserk Rag |       |       |     1 ||     1
  Use: Scroll            |     2 |     5 |     1 ||     8
       Potion            |     1 |     4 |     1 ||     6
 Stab: Sleeping          |     2 |       |       ||     2
  Eat: Chunk             |     3 |     9 |     2 ||    14
Armor: Chain mail        |    74 |    59 |    22 ||   155
       Robe              |     2 |       |       ||     2
Dodge: Dodged            |    16 |    17 |    14 ||    47
Block: Large shield      |    67 |    82 |    31 ||   180

Table legend:
 A = Spawn XP
 B = Non-spawn XP
 C = Spawn XP percentage of total XP
 D = Spawn monster count
 E = Non-spawn monster count
 F = Spawn count percentage of total count
 G = Total turns spent on level
                    A         B        C        D         E        F      G
               +---------+---------+-------+---------+---------+-------+---------
         Total |       0 |    1101 |   0.0 |       0 |      76 |   0.0 |  5313
               +---------+---------+-------+---------+---------+-------+---------
           D:1 |       0 |      30 |   0.0 |       0 |      15 |   0.0 |  1422
           D:2 |       0 |      82 |   0.0 |       0 |      28 |   0.0 |  1386
           D:3 |       0 |     401 |   0.0 |       0 |      15 |   0.0 |  1542
           D:4 |       0 |     588 |   0.0 |       0 |      18 |   0.0 |   963
               +---------+---------+-------+---------+---------+-------+---------
